 Dungeon Crawl Stone Soup version 0.20.1-1-g8b1a95d (webtiles) character file.

6836 Folque the Destroyer (level 11, 0/64 HPs)
             Began as an Octopode Wizard on Nov 8, 2017.
             Was an Elder of Sif Muna.
             Slain by an unseen horror (11 damage)
             ... on level 11 of the Dungeon.
             The game lasted 01:21:46 (13714 turns).

Folque the Destroyer (Octopode Wizard)             Turns: 13714, Time: 01:21:47

Health: 0/64       AC:  3    Str:  9    XL:     11   Next: 5%
Magic:  1/23       EV: 13    Int: 24    God:    Sif Muna [****..]
Gold:   618        SH:  0    Dex: 10    Spells: 16/27 levels left

rFire    + + .     SeeInvis .   s - +3 flail (crush)
rCold    x . .     Gourm    .   (no shield)
rNeg     . . .     Faith    .   z - +2 hat
rPois    .         Spirit   .   (no amulet)
rElec    .         Reflect  .   x - ring of fire
rCorr    .         Harm     .   u - +2 ring of strength
MR       .....                  G - +3 ring of slaying
Stlth    +++.......             K - ring of protection from fire
Regen    0.2/turn               (no ring)
MPRegen  0.2/turn               (no ring)
                                (no ring)
                                (no ring)

@: divine energy
A: almost no armour, stealthy swim, amphibious, 8 rings, constrict 8, camouflage
1, gelatinous body 1
a: Stop Divine Energy, Channel Magic, Forget Spell, Renounce Religion


You were on level 11 of the Dungeon.
You worshipped Sif Muna.
Sif Muna was greatly pleased with you.
You were not hungry.

You visited 2 branches of the dungeon, and saw 13 of its levels.

You collected 744 gold pieces.
You spent 126 gold pieces at shops.

Inventory:

Hand Weapons
 d - a +0 spear
 f - a +0 whip
 r - a +0 lajatang
 s - a +3 flail of crushing (weapon)
Armour
 a - a +1 hat
 z - a +2 hat (worn)
 O - a +0 shield
Magical Staves
 m - an uncursed staff of cold
Jewellery
 u - a +2 ring of strength (right tentacle)
 x - a ring of fire (left tentacle)
 D - an uncursed ring of fire
 G - a +3 ring of slaying (on tentacle)
 K - a ring of protection from fire (on tentacle)
Wands
 g - a wand of confusion (17/48)
 k - a wand of lightning (0/15)
 p - a wand of paralysis (10/24)
 C - a wand of digging (10/24)
 J - a wand of polymorph (9/24)
Scrolls
 e - 9 scrolls of remove curse
 h - a scroll of enchant weapon
 l - 2 scrolls of enchant armour
 t - a scroll of blinking
 y - 5 scrolls of identify
 A - 2 scrolls of brand weapon {unknown}
 B - 2 scrolls of magic mapping
 H - 2 scrolls of immolation {unknown}
 M - a scroll of random uselessness {unknown}
 S - a scroll of teleportation
Potions
 i - 2 potions of heal wounds
 j - 2 potions of brilliance
 n - 2 potions of lignification {unknown}
 q - 2 potions of might
 w - a potion of agility {unknown}
 E - a potion of curing
 F - 3 potions of mutation {unknown}
 L - a potion of flight {unknown}
 Q - a potion of ambrosia {unknown}
Books
 b - a book of Minor Magic

   Spells                             Type                      Level
   a - Magic Dart                     Conjuration                  1
   b - Blink                          Translocation                2
   c - Call Imp                       Summoning                    2
   d - Slow                           Hexes                        2
   e - Conjure Flame                  Conjuration/Fire             3
   f - Mephitic Cloud                 Conjuration/Poison/Air       3
 P - a book of Cantrips

   Spells                             Type                      Level
   a - Confusing Touch                Hexes                        1
   b - Animate Skeleton               Necromancy                   1
   c - Summon Small Mammal            Summoning                    1
   d - Apportation                    Translocation                1
 R - a book of Party Tricks

   Spells                             Type                      Level
   a - Summon Butterflies             Summoning                    1
   b - Apportation                    Translocation                1
   c - Lesser Beckoning               Translocation                3
   d - Tukima's Dance                 Hexes                        3
   e - Alistair's Intoxication        Transmutation/Poison         5
   f - Invisibility                   Hexes                        6
Comestibles
 c - 5 bread rations
 o - 11 fruits
 v - 8 meat rations
 I - 5 royal jellies
 N - 2 chunks of flesh


   Skills:
 - Level 2.0 Fighting
 - Level 1.1 Maces & Flails
 - Level 2.0 Dodging
 - Level 2.6 Stealth
 + Level 8.7 Spellcasting
 * Level 11.6 Conjurations
 + Level 2.0 Hexes
 - Level 3.0 Summonings
 - Level 1.0 Translocations
 - Level 3.1 Poison Magic
 - Level 5.4 Invocations


You had 16 spell levels left.
You knew the following spells:

 Your Spells              Type           Power        Failure   Level  Hunger
a - Magic Dart            Conj           ####         1%          1    None
b - Call Imp              Summ           ###.....     2%          2    None
c - Blink                 Tloc           N/A          6%          2    None
d - Mephitic Cloud        Conj/Pois/Air  ####....     2%          3    None
e - Tukima's Dance        Hex            ###.....     8%          3    None


Dungeon Overview and Level Annotations

Branches:
Dungeon (12/15)            Temple (1/1) D:5
   Lair: D:8-11         Orc: D:9-12

Altars:
Ashenzari
Cheibriados
Dithmenos
Elyvilon
Fedhas
Gozag
Hepliaklqana
Kikubaaqudgha
Makhleb
Nemelex Xobeh
Okawaru
Qazlal
Ru
Sif Muna
Trog
Uskayaw
Vehumet
Xom
Yredelemnul
Zin
The Shining One

Shops:
D:7 !   D:8 }   D:9 (   D:11 *

Annotations:
D:5 1 runed door
D:12 Urug


Innate Abilities, Weirdness & Mutations

You cannot wear most types of armour.
You are very stealthy in the water. (Stealth+)
You are amphibious.
You can wear up to eight rings at the same time.
You can use your tentacles to constrict eight enemies at once.
Your skin changes colour to match your surroundings (Stealth+).
Your rubbery body absorbs attacks. (AC +1, EV +1)


Message History

Something hits you!
* * * LOW HITPOINT WARNING * * *
Casting: Magic Dart
Confirm with . or Enter, or press ? or * to list all spells.
You blink.
Your white imp disappears in a puff of smoke!
Something hits you.
* * * LOW HITPOINT WARNING * * *
Something hits you.
* * * LOW HITPOINT WARNING * * *
Casting: Blink
Confirm with . or Enter, or press ? or * to list all spells.
You miscast Blink.
Sif Muna protects you from the effects of your miscast!
Something hits you but does no damage.
Casting: Blink
Confirm with . or Enter, or press ? or * to list all spells.
You blink.
Something hits you!
You die...

############
####..........#
###..).@........#
##########...##).........#
#.......#..####..........#
#.......#.## #..........#
........#.# #..........#
#.......#.# #..........#
#.......#.# #..........#
#.........# #..>.......#
#......z### #..........#


There were no monsters in sight!

Vanquished Creatures
  A two-headed ogre (D:10)
  An ugly thing (D:11)
  Psyche (D:9)
  A troll (D:10)
  A hornet (D:8)
  2 hippogriffs (D:10)
  A spriggan (D:9)
  3 orc warriors
  5 sky beasts
  5 phantoms
  3 centaurs
  3 ogres
  A crocodile (D:9)
  3 big kobolds
  3 bullfrogs
  A wyvern zombie (D:7)
  2 scorpions
  A water moccasin skeleton (D:7)
  6 killer bees
  2 wights (D:11)
  5 howler monkeys
  2 bullfrog zombies
  A jelly (D:7)
  6 orc priests
  3 orc wizards
  4 hounds
  A centaur skeleton (D:9)
  A bullfrog skeleton (D:7)
  2 iguanas (D:5)
  13 worker ants
  A hound zombie (D:8)
  3 gnolls (D:7)
  6 adders
  5 oozes
  An adder skeleton (D:6)
  A worm (D:3)
  3 leopard geckos
  18 orcs
  A ball python (D:3)
  7 giant cockroaches
  8 goblins
  10 hobgoblins
  8 jackals
  5 quokkas
  4 bats
  21 kobolds
  A quokka zombie (D:6)
  19 rats
  2 butterflies (D:5)
208 creatures vanquished.

Vanquished Creatures (collateral kills)
  2 hornets
  A hippogriff (D:10)
  A hungry ghost (D:9)
  The ghost of yogakurto the Insei, an amateur DgTm (D:3)
  Menkaure (D:6)
  An ice beast (D:7)
  A black bear (D:8)
  An ogre (D:6)
  A centaur (D:10)
  A scorpion (D:6)
  A wight (D:11)
  2 hounds
  4 jellies
  A bullfrog skeleton (D:8)
  3 worker ants
  A killer bee zombie (D:7)
  Robin (D:2)
  2 adders
  A shadow imp (D:9)
  7 oozes
  A worm (D:2)
  6 orcs
  2 goblins (D:2)
  2 hobgoblins (D:2)
  4 jackals
  2 bats (D:1)
  A frilled lizard (D:1)
  A kobold (D:2)
53 creatures vanquished.

Vanquished Creatures (others)
  2 dancing weapons (D:11)
  8 fungi (D:2)
  6 toadstools (D:2)
16 creatures vanquished.

Grand Total: 277 creatures vanquished

Notes
Turn   | Place    | Note
-------+----------+-------------------------------------------
     0 | D:1      | Folque the Octopode Wizard began the quest for the Orb.
     0 | D:1      | Reached XP level 1. HP: 11/11 MP: 4/4
    48 | D:1      | Reached skill level 1 in Fighting
   108 | D:1      | Reached XP level 2. HP: 15/18 MP: 4/6
   112 | D:1      | Learned a level 2 spell: Call Imp
   115 | D:1      | Learned a level 2 spell: Blink
   506 | D:1      | Reached XP level 3. HP: 21/24 MP: 5/7
   511 | D:1      | Learned a level 3 spell: Mephitic Cloud
  1186 | D:2      | Reached skill level 1 in Poison Magic
  1373 | D:2      | Reached XP level 4. HP: 26/29 MP: 4/9
  1374 | D:2      | Noticed Robin
  1470 | D:2      | Killed Robin
  1511 | D:2      | Reached skill level 2 in Conjurations
  1525 | D:2      | Reached XP level 5. HP: 32/34 MP: 1/10
  2522 | D:3      | Noticed yogakurto's ghost (amateur DgTm)
  2560 | D:3      | Killed yogakurto's ghost
  2560 | D:3      | Reached skill level 3 in Conjurations
  2560 | D:3      | Reached XP level 6. HP: 34/39 MP: 1/12
  3918 | D:5      | Entered Level 5 of the Dungeon
  4001 | D:5      | Found a staircase to the Ecumenical Temple.
  4002 | D:5      | Noticed a phantom
  4034 | D:5      | Killed a phantom
  4034 | D:5      | Reached skill level 4 in Conjurations
  4036 | Temple   | Entered the Ecumenical Temple
  4045 | Temple   | Became a worshipper of Sif Muna the Loreminder
  4126 | D:5      | Noticed a phantom
  4132 | D:5      | Killed a phantom
  4132 | D:5      | Reached XP level 7. HP: 29/45 MP: 8/13
  4493 | D:5      | Reached skill level 5 in Conjurations
  4842 | D:5      | Found a runed door.
  4858 | D:5      | Found a runed door.
  4872 | D:5      | Reached skill level 5 in Spellcasting
  5022 | D:5      | Reached skill level 6 in Conjurations
  5094 | D:5      | Reached * piety under Sif Muna
  5094 | D:5      | Reached XP level 8. HP: 27/50 MP: 12/15
  5861 | D:5      | Reached skill level 7 in Conjurations
  6063 | D:5      | Found an iron altar of Okawaru.
  6406 | D:6      | Reached ** piety under Sif Muna
  6600 | D:6      | Noticed Menkaure
  7123 | D:6      | You fall through a shaft!
  7123 | D:7      | Noticed a hornet
  7150 | D:7      | Killed a hornet
  7150 | D:7      | Reached skill level 8 in Conjurations
  7150 | D:7      | Reached XP level 9. HP: 16/54 MP: 5/18
  7595 | D:7      | Found Ykhac's Distillery.
  7603 | D:7      | Bought a potion of heal wounds for 60 gold pieces
  8038 | D:6      | Killed Menkaure
  8238 | D:8      | Noticed a hornet
  8254 | D:8      | Reached skill level 9 in Conjurations
  8280 | D:8      | Killed a hornet
  8400 | D:8      | Found Tohirola's Gadget Boutique.
  8566 | D:8      | Reached *** piety under Sif Muna
  8988 | D:8      | Reached skill level 10 in Conjurations
  9560 | D:9      | Reached XP level 10. HP: 56/60 MP: 21/21
  9595 | D:9      | Reached skill level 1 in Maces & Flails
  9720 | D:9      | Found Kum Kuod's Antique Weapon Shop.
  9723 | D:9      | You fall through a shaft for 3 floors!
  9723 | D:12     | Noticed Urug
  9723 | D:12     | Noticed a gargoyle
  9730 | D:12     | Noticed a seven-headed hydra
  9790 | D:10     | Entered Level 10 of the Dungeon
  9793 | D:10     | Noticed a two-headed ogre
 10056 | D:9      | Noticed Psyche
 10075 | D:9      | Killed Psyche
 10075 | D:9      | Reached skill level 1 in Invocations
 10873 | D:10     | Reached **** piety under Sif Muna
 11623 | D:10     | Killed a two-headed ogre
 11623 | D:10     | Reached skill level 11 in Conjurations
 11897 | D:10     | Reached skill level 5 in Invocations
 12403 | D:11     | Learned a level 3 spell: Tukima's Dance
 12413 | D:11     | Found Idumorph's Island Escapes.
 12420 | D:11     | Bought a scroll of teleportation for 33 gold pieces
 12420 | D:11     | Bought a scroll of teleportation for 33 gold pieces
 12507 | D:11     | Noticed a cyan ugly thing
 12690 | D:11     | Reached skill level 1 in Hexes
 12715 | D:11     | Killed a cyan ugly thing
 12715 | D:11     | Reached XP level 11. HP: 64/64 MP: 14/23
 13714 | D:11     | Slain by an unseen horror

Skill      XL: |  1  2  3  4  5  6  7  8  9 10 11 |
---------------+----------------------------------+-----
Fighting       | 1 2 |  2.0
Poison Magic   | 1 2 3 |  3.1
Conjurations   | 2 3 4 6 8 10 11 | 11.6
Spellcasting   | 4 5 6 7 8 |  8.7
Summonings     | 3 |  3.0
Maces & Flails | 1 |  1.1
Invocations    | 5 |  5.4
Hexes          | 1 2 |  2.0
Dodging        | |  2.0
Stealth        | |  2.6
Translocations | |  1.0

Action                   |  1- 3 |  4- 6 |  7- 9 | 10-12 || total
-------------------------+-------+-------+-------+-------++-------
Melee: Unarmed           |    12 |       |       |       ||    12
       Constrict         |    16 |    17 |    35 |    31 ||    99
       Tentacles         |     7 |     8 |    29 |    22 ||    66
       Spear             |    74 |    49 |       |       ||   123
       Whip              |     9 |       |       |       ||     9
       Flail             |       |    62 |   171 |   120 ||   353
       Lajatang          |       |     4 |       |       ||     4
 Cast: Magic Dart        |    13 |       |     7 |    11 ||    31
       Call Imp          |    13 |    26 |    64 |    40 ||   143
       Mephitic Cloud    |       |     4 |    42 |    68 ||   114
       Blink             |       |       |     5 |    27 ||    32
       Tukima's Dance    |       |       |       |    12 ||    12
Invok: Divine Energy     |       |       |     1 |       ||     1
Evoke: Wand              |       |       |     1 |     8 ||     9
  Use: Scroll            |       |     1 |     6 |    11 ||    18
       Potion            |       |       |     4 |     2 ||     6
 Stab: Sleeping          |     7 |    10 |     4 |     1 ||    22
       Distracted        |       |     2 |     2 |     1 ||     5
       Confused          |       |     1 |    10 |     5 ||    16
  Eat: Chunk             |     2 |     9 |    16 |     2 ||    29
       Meat ration       |       |       |     1 |     1 ||     2
       Bread ration      |       |       |       |     1 ||     1
Armor: Skin              |     9 |     3 |    12 |    12 ||    36
Dodge: Dodged            |    52 |    44 |    57 |    95 ||   248
